 Dungeon Crawl Stone Soup version 0.27.1-34-g3ba077fa99 (webtiles) character file.

Game seed: 17457509091175568183

53 Delamore the Sneak (level 3, -2/24 HPs)
             Began as an Octopode Brigand on Feb 11, 2022.
             Slain by a hobgoblin (5 damage)
             ... on level 2 of the Dungeon.
             The game lasted 00:00:53 (1164 turns).

Delamore the Sneak (Octopode Brigand)               Turns: 1164, Time: 00:00:53

Health: -2/24      AC:  1    Str: 10    XL:     3   Next: 89%
Magic:  3/3        EV: 12    Int: 13    God:
Gold:   50         SH:  0    Dex: 14    Spells: 2/2 levels left

rFire    . . .     SeeInvis .   a - +2 dagger
rCold    . . .     Faith    .   (no shield)
rNeg     . . .     Spirit   .   (helmet restricted)
rPois    .         Reflect  .   (no amulet)
rElec    .         Harm     .   (no ring)
rCorr    .         Rampage  .   (no ring)
Will     .....                  (no ring)
Stlth    ++++......             (no ring)
HPRegen  0.08/turn              (no ring)
MPRegen  0.08/turn              (no ring)
                                (no ring)
                                (no ring)

@: lethally poisoned (-2 -> -3)
A: almost no armour, amphibious, 8 rings, camouflage 1, gelatinous body 1,
(nimble swimmer 1), tentacles
a: no special abilities


You were on level 2 of the Dungeon.
You visited 1 branch of the dungeon, and saw 2 of its levels.

You collected 50 gold pieces.

Inventory:

Hand Weapons
 a - a +2 dagger (weapon)
Missiles
 b - 8 poisoned darts (quivered)
 c - 2 curare-tipped darts
Potions
 d - a potion of haste {unknown}
 e - a potion of might {unknown}


   Skills:
 - Level 2.0 Fighting
 + Level 2.5 Short Blades
 + Level 2.6 Throwing
 - Level 1.0 Dodging
 * Level 6.5 Stealth


You had 2 spell levels left.
You didn't know any spells.
Your spell library was empty.

Dungeon Overview and Level Annotations

Branches:
Dungeon (2/15)

Altars:


Innate Abilities, Weirdness & Mutations

You cannot wear most types of armour.
You are amphibious.
You can wear up to eight rings at the same time.
Your skin changes colour to match your surroundings (Stealth+).
Your rubbery body absorbs attacks. (AC +1, EV +1)
((You are camouflaged near water. (Stealth+)))
You have tentacles for arms and can constrict up to eight enemies at once.


Message History

The worm is severely wounded.
You constrict the worm. The worm misses you.
A rat comes into view.
You hit the worm but do no damage.
The worm is severely wounded.
You constrict the worm. The worm barely misses you.
You hit the worm.
You kill the worm!
The adder bites you.
You hit the adder but do no damage. Your grab misses the adder.
You squeeze the adder, but do no damage.
The adder closely misses you.
You hit the adder. You grab the adder.
The adder is moderately wounded.
You constrict the adder. The adder closely misses you.
You hit the adder but do no damage.
The adder is heavily wounded.
You constrict the adder. The adder bites you.
You are poisoned.
The adder poisons you! The goblin hits you with a +0 dagger.
The adder bites you.
You are too injured to fight recklessly!
You are too injured to fight recklessly!
You are too injured to fight recklessly!
You are too injured to fight recklessly!
You are too injured to fight recklessly!
You are too injured to fight recklessly!
You are too injured to fight recklessly!
You are too injured to fight recklessly!
You are too injured to fight recklessly!
You are too injured to fight recklessly!
Okay, then.
You release your grip on the adder.
* * * LOW HITPOINT WARNING * * *
You feel sick.
You feel sick.
You feel sick.
The rat twitches its whiskers.
You feel sick. The hobgoblin hits you.
You die...

[...............
#..............
###.......................
......†......... .........
#..........# ........
##..........##### #.....#
..........KS...... #.....#
.........gg###### #.....#
........)r@#######.#.....##
.....#####.........#....)..
.....#...#.........#####...
##...#.>.#.........# #†..
#.. #...#...#####.# #...
#(..#...# #... ###...###.##
#)..
+...8...'.##.....####.).
###.....##.##....<.......


You could see an adder, a hobgoblin, a goblin, a kobold and a rat.

Vanquished Creatures
  A worm (D:2)
  3 dart slugs (D:1)
  5 ball pythons (D:1)
  4 bats
  3 endoplasms
  2 giant cockroaches
  8 goblins
  2 hobgoblins (D:1)
  2 jackals (D:2)
  2 quokkas (D:1)
  A frilled lizard (D:1)
  3 kobolds
  4 rats (D:1)
40 creatures vanquished.

Notes
Turn   | Place    | Note
-------+----------+-------------------------------------------
     0 | D:1      | Delamore the Octopode Brigand began the quest for the Orb.
     0 | D:1      | Reached XP level 1. HP: 14/14 MP: 1/1
    54 | D:1      | Found a faded altar of an unknown god.
    81 | D:1      | Reached XP level 2. HP: 16/19 MP: 2/2
   341 | D:1      | Reached skill level 6 in Stealth
   544 | D:1      | Reached XP level 3. HP: 24/24 MP: 3/3
  1164 | D:2      | Slain by a hobgoblin

Illustrated notes

Levels and vault maps discovered:
D:1:      lightli_arrival_noodles, layout_basic,
          dreamdust_ecumenical_altar_statues
D:2:      layout_basic, grunt_ministairs_14

Skill      XL: |  1  2 |
---------------+-------+-----
Stealth        | 6 |  6.5
Fighting       | |  2.0
Short Blades   | |  2.5
Throwing       | |  2.6
Dodging        | |  1.0

Action                   || total
-------------------------++-------
Melee: Dagger            ||    74
       Tentacles         ||    17
       Constrict         ||    16
 Stab: Sleeping          ||    13
Armor: Skin              ||     6
Dodge: Dodged            ||    35
